 Dungeon Crawl Stone Soup version 0.25-a0-294-gea9b1ad378 (webtiles) character file.

Game seed: 15413169956173697617, levelgen mode: deterministic

64259 fooman123 the Carver (level 15, -5/99 HPs)
             Began as a Gargoyle Fighter on Dec 17, 2019.
             Was the Champion of Okawaru.
             Slain by a spriggan berserker
             ... wielding a +0 antimagic quarterstaff
              (27 damage)
             ... on level 14 of the Dungeon.
             The game lasted 01:49:22 (25507 turns).

fooman123 the Carver (Gargoyle Fighter)            Turns: 25507, Time: 01:49:22

Health: -5/99      AC: 31    Str: 26    XL:     15   Next: 12%
Magic:  3/15       EV: 15    Int:  9    God:    Okawaru [******]
Gold:   333        SH: 13    Dex: 13    Spells: 14/14 levels left

rFire    . . .     SeeInvis +   V - +1 war axe (flame)
rCold    . . .     Gourm    +   B - +0 shield
rNeg     + + .     Faith    .   g - +0 acid dragon scales
rPois    ∞         Spirit   .   s - +2 helmet
rElec    +         Reflect  .   n - +1 cloak {+Inv}
rCorr    +         Harm     .   O - +0 pair of gloves of Ycryonop {rN+ Dex+4 Stlth+}
MR       +....                  F - +1 pair of boots of the Planets {Slay+2 Stlth+}
Stlth    +++.......             p - amulet of the gourmand
HPRegen  0.26/turn              a - +5 ring of evasion
MPRegen  0.14/turn              z - ring of see invisible

@: about to teleport, flying, very slightly contaminated, invisible
A: big wings, negative energy resistance 1, electricity resistance, unbreathing,
petrification resistance, rot immunity, AC +11
a: Stop Flying, Heroism, Finesse, Renounce Religion


You were on level 14 of the Dungeon.
You worshipped Okawaru.
Okawaru was exalted by your worship.
You were completely stuffed.

You visited 4 branches of the dungeon, and saw 22 of its levels.
You also visited: Ice Cave.

You collected 1467 gold pieces.
You spent 1134 gold pieces at shops.

Inventory:

Hand Weapons
 b - a +3 double sword of holy wrath
   (You acquired it on level 4 of the Dungeon)
 H - the +6 hand crossbow of Veryol {venom, rElec Int-4 Dex+8}
   (You took it off a kobold on level 6 of the Dungeon)

   It poisons the ammo it fires.
   It affects your intelligence (-4).
   It affects your dexterity (+8).
   It insulates you from electricity.
 V - a +1 war axe of flaming (weapon)
   (You found it on level 1 of the Lair of Beasts)
Missiles
 I - 9 curare-tipped darts (quivered) {!f}
Armour
 g - +0 acid dragon scales (worn)
   (You found it on level 6 of the Lair of Beasts)
 n - a +1 cloak of invisibility (worn)
   (You took it off Crazy Yiuf on level 5 of the Dungeon)
 s - a +2 helmet (worn)
   (You found it on level 2 of the Dungeon)
 B - a +0 shield (worn)
 F - the +1 pair of boots of the Planets (worn) {Slay+2 Stlth+}
   (You acquired it on level 5 of the Lair of Beasts)

   It affects your accuracy and damage with ranged weapons and melee attacks
   (+2).
   It makes you more stealthy.
 M - a scarf of cloud immunity
   (You found it on level 13 of the Dungeon)
 O - the +0 pair of gloves of Ycryonop (worn) {rN+ Dex+4 Stlth+}
   (You acquired it on level 4 of the Dungeon)

   It affects your dexterity (+4).
   It protects you from negative energy.
   It makes you more stealthy.
Jewellery
 a - a +5 ring of evasion (left hand)
   (You found it on level 13 of the Dungeon)
 i - an uncursed ring of protection from fire
   (You found it on level 1 of the Dungeon)
 p - an amulet of the gourmand (around neck)
   (You found it on level 5 of the Dungeon)
 z - a ring of see invisible (right hand)
   (You found it on level 1 of the Dungeon)
Wands
 c - a wand of disintegration (18)
   (You found it on level 10 of the Dungeon)
 d - a wand of iceblast (5)
   (You found it on level 9 of the Dungeon)
 o - a wand of polymorph (20)
   (You found it on level 2 of the Lair of Beasts)
 t - a wand of flame (6)
   (You found it on level 13 of the Dungeon)
 u - a wand of paralysis (33)
   (You found it on level 5 of the Dungeon)
 v - a wand of digging (4)
   (You took it off an orc on level 12 of the Dungeon)
 w - a wand of enslavement (3)
   (You found it in an ice cave)
 x - a wand of acid (8)
   (You found it on level 6 of the Lair of Beasts)
Scrolls
 f - 3 scrolls of fear
 k - 7 scrolls of remove curse {@r2}
 l - 4 scrolls of identify {@r1}
 m - 4 scrolls of magic mapping
 q - 2 scrolls of enchant armour
 y - 8 scrolls of amnesia
 A - 4 scrolls of teleportation {@r4}
 C - a scroll of acquirement
 D - 2 scrolls of summoning
 E - a scroll of blinking
 J - 3 scrolls of immolation {!r}
 T - 2 scrolls of fog
 U - a scroll of silence {unknown}
 Y - a scroll of holy word {unknown}
 Z - 2 scrolls of vulnerability {!r}
Potions
 h - 2 potions of magic
 j - 14 potions of curing {@q1}
 G - 2 potions of haste {@q3}
 K - a potion of heal wounds {@q2}
 L - a potion of lignification {!q}
 N - 3 potions of brilliance
 P - a potion of berserk rage
 Q - 2 potions of cancellation
 R - a potion of degeneration {unknown}
 W - a potion of ambrosia
Comestibles
 e - 48 rations {!d}


   Skills:
 + Level 13.6 Fighting
 * Level 14.7 Long Blades
   Level 4.6 Maces & Flails
 + Level 13.6 Armour
 + Level 11.4 Shields


You had 14 spell levels left.
You didn't know any spells.
Your spell library contained the following spells:

 Spells                   Type           Power        Failure   Level  Hunger
 Animate Skeleton         Necr           N/A          58%         1    ##.....
 Beastly Appendage        Tmut           #.....       58%         1    ##.....
 Confusing Touch          Hex            #.....       58%         1    ##.....
 Corona                   Hex            #......      58%         1    ##.....
 Pain                     Necr           #...         58%         1    ##.....
 Sticks to Snakes         Tmut           #.......     75%         2    ###....
 Confuse                  Hex            #.......     92%         3    ####...
 Gell's Gravitas          Tloc           #.........   92%         3    ####...
 Portal Projectile        Hex/Tloc       #.....       92%         3    ####...
 Regeneration             Chrm/Necr      #.........   92%         3    ####...
 Spider Form              Tmut/Pois      #.........   92%         3    ####...
 Vampiric Draining        Necr           #.........   92%         3    ####...
 Animate Dead             Necr           N/A          100%        4    #####..
 Cause Fear               Hex            #.........   100%        4    #####..
 Ice Form                 Ice/Tmut       #.......     100%        4    #####..
 Petrify                  Tmut/Erth      #.......     100%        4    #####..
 Blade Hands              Tmut           #.........   100%        5    ######.
 Metabolic Englaciation   Hex/Ice        #.........   100%        5    ######.
 Yara's Violent Unravell  Hex/Tmut       #.........   100%        5    ######.


Dungeon Overview and Level Annotations

Branches:
Dungeon (14/15)            Temple (1/1) D:7            Lair (6/6) D:10
 Shoals (0/4) Lair:2        Snake (1/4) Lair:2        Slime (0/5) Lair:5
    Orc (0/2) D:12          IceCv (visited)
 Vaults: D:13-14

Altars:
Ashenzari
Cheibriados
Dithmenos
Elyvilon
Fedhas
Gozag
Hepliaklqana
Kikubaaqudgha
Makhleb
Nemelex Xobeh
Okawaru
Qazlal
Ru
Sif Muna
Trog
Uskayaw
Vehumet
Wu Jian
Xom
Yredelemnul
Zin
The Shining One
Jiyva

Shops:
D:4 ?   D:8 %   D:13 *

Annotations:
Lair:1 exclusion: 2 oklob plants
Lair:2 2 transporters, MoonlitKnight's ghost, journeyman GnSk
Lair:5 1 runed translucent door


Innate Abilities, Weirdness & Mutations

You are resistant to torment.
Your stone body is resilient. (AC +11)
You are immune to poison.
Your large and strong wings let you fly indefinitely.
You resist negative energy. (rN+)
You are resistant to electric shocks. (rElec)
You can survive without breathing.
You are immune to petrification.
You are immune to rotting.


Message History

You barely miss the centaur warrior.
The spriggan berserker shouts!
You slash the polar bear! You burn the polar bear.
You closely miss the spriggan berserker.
You completely miss the death yak.
You hear a shout!
You block the centaur warrior's attack. The polar bear closely misses you.
You block the polar bear's attack. The polar bear barely misses you.
The death yak gores you but does no damage.
The centaur warrior hits you. The polar bear bites you.
You block the polar bear's attack.
The polar bear claws you but does no damage.
The death yak barely misses you.
A spriggan berserker comes into view. It is wielding a +0 rapier.
The spriggan berserker hits you with a +0 flail.
* * * LOW HITPOINT WARNING * * *
The spriggan berserker utters an invocation to Trog.
The spriggan berserker goes berserk!
The spriggan berserker shouts!
You fade into invisibility!
The centaur warrior completely misses you.
You block the centaur warrior's attack.
The polar bear rages.
The spriggan berserker hits you but does no damage.
You are very lightly contaminated with residual magic.
The spriggan berserker prays to Trog.
The elephant goes berserk!
The spriggan berserker misses you.
The death yak rages.
The polar bear growls angrily.
The death yak rages.
The polar bear rages.
The spriggan berserker hits you with a +0 flail.
* * * LOW HITPOINT WARNING * * *
The spriggan berserker hits you with a +0 antimagic quarterstaff!
* * * LOW HITPOINT WARNING * * *
You feel your power leaking away.
You hear a shout!
You see here 2 arrows.
As you read the scroll of teleportation {@r4}, it crumbles to dust.
You feel strangely unstable.
The spriggan berserker hits you with a +0 antimagic quarterstaff!
* * * LOW HITPOINT WARNING * * *
You feel your power leaking away.
A spriggan berserker comes into view. It is wielding a +0 war axe.
The spriggan berserker invokes Trog's protection!
A shadow comes into view.
The spriggan berserker misses you.
The spriggan berserker rages.
The spriggan berserker utters an invocation to Trog.
The spriggan berserker hits you with a +0 antimagic quarterstaff!!
You die...

.....#....######
....###.........
...# ##...##### ...
##....# ...
.....#)....# ...
..........# ....
..........#####W...
...........(..(.#
...........@(...##
[...........i....#
............i.$.#..#
........h........#.
###...i.........#
#.....c.......#
#..Y.♣♣♣♣♣...#.#
#..i♣ ♣...#.. .Y.
♣....#


You could see a death yak (berserk), a centaur warrior, 4 spriggan berserkers, a
polar bear (berserk) and a shadow.

Vanquished Creatures
  Nessos (D:13)
  A fire dragon (Lair:6)
  Erolcha (D:10)
  5 hydras
  2 catoblepae
  A centaur warrior (D:13)
  2 two-headed ogres
  2 death yaks (Lair:5)
  An alligator (Lair:6)
  Sonja (Lair:4)
  An unseen horror (D:13)
  A lindwurm (Lair:5)
  A swamp dragon (Lair:6)
  Pikel (D:8)
  5 slime creatures
  3 manticores
  2 ugly things
  2 centaur zombies
  A cyclops (D:13)
  12 elephants
  Joseph (D:7)
  2 gargoyles
  7 black mambas
  10 spiny frogs
  Psyche (D:7)
  A kobold demonologist (D:13)
  13 komodo dragons
  3 rime drakes
  A queen bee (Lair:5)
  A queen bee (shapeshifter) (D:13)
  4 trolls
  3 meliai (Lair:5)
  12 polar bears
  5 raiju (Lair:6)
  2 blink frogs
  2 dream sheep (D:8)
  8 hippogriffs
  Sigmund (D:5)
  A shadow (D:13)
  A spriggan (Lair:3)
  31 yaks
  A wraith (D:10)
  2 wyverns
  2 hungry ghosts
  4 basilisks
  A golden eye (shapeshifter) (D:14)
  2 humans (D:11)
  3 steam dragons
  4 wargs (Lair:6)
  A naga (Lair:2)
  10 water moccasins
  12 hell hounds (Lair:6)
  3 acid dragons (Lair:6)
  9 porcupines
  7 orc warriors
  A swamp drake (Lair:6)
  10 ice beasts
  2 sky beasts
  A slave (D:7)
  2 phantoms
  14 black bears
  7 ogres
  18 wolves
  5 centaurs
  12 crocodiles
  4 big kobolds
  15 bullfrogs
  3 gnoll sergeants
  A wyvern zombie (D:9)
  9 scorpions
  12 wights
  37 killer bees
  A howler monkey (D:6)
  6 crimson imps
  A bullfrog zombie (D:13)
  2 quasits
  3 jellies
  16 orc priests
  3 centaur skeletons
  Crazy Yiuf (D:5)
  7 hounds
  10 orc wizards
  A gnoll shaman (D:9)
  11 iguanas
  11 worker ants
  A hound zombie (D:6)
  3 hound skeletons
  A worker ant zombie (D:10)
  A howler monkey skeleton (D:4)
  A howler monkey zombie (D:6)
  23 gnolls
  14 adders
  A river rat (Lair:5)
  4 shadow imps
  An adder zombie (D:8)
  4 adder skeletons
  3 worms (D:2)
  5 dart slugs
  5 leopard geckos
  79 orcs
  A ball python (D:1)
  11 giant cockroaches
  17 goblins
  11 hobgoblins
  22 jackals
  4 quokkas
  11 bats
  5 frilled lizards
  A jackal skeleton (D:4)
  27 kobolds
  A quokka skeleton (D:6)
  8 rats
  A fungus (Lair:3)
709 creatures vanquished.

Vanquished Creatures (others)
  A black bear (Lair:6)
  A bullfrog (D:8)
  An orc priest (D:13)
  An orc wizard (D:13)
  An orc (D:13)
  5 fungi
  23 plants
33 creatures vanquished.

Grand Total: 742 creatures vanquished

Notes
Turn   | Place    | Note
-------+----------+-------------------------------------------
     0 | D:1      | fooman123 the Gargoyle Fighter began the quest for the Orb.
     0 | D:1      | Reached XP level 1. HP: 14/14 MP: 1/1
     2 | D:1      | Noticed a naga
     2 | D:1      | Noticed a human
     4 | D:1      | Noticed an octopode
     6 | D:1      | Noticed a demonspawn
     6 | D:1      | Noticed a formicid
     8 | D:1      | Noticed a tengu
     8 | D:1      | Noticed a troll
    10 | D:1      | Noticed a gargoyle
    10 | D:1      | Noticed a ghoul
    12 | D:1      | Noticed a dwarf
    12 | D:1      | Noticed a halfling
    14 | D:1      | Noticed a demigod
    14 | D:1      | Noticed a vine stalker
    16 | D:1      | Noticed a merfolk
    16 | D:1      | Noticed a vampire
    18 | D:1      | Noticed a draconian
    18 | D:1      | Noticed a spriggan
    21 | D:1      | Noticed a centaur
    23 | D:1      | Noticed an ogre
    25 | D:1      | Noticed an elf
    27 | D:1      | Noticed a felid
    27 | D:1      | Noticed a minotaur
    80 | D:1      | Reached XP level 2. HP: 9/19 MP: 2/2
   486 | D:1      | Reached XP level 3. HP: 24/24 MP: 3/3
   615 | D:1      | You fall into a shaft and drop 1 floor!
   671 | D:2      | Reached XP level 4. HP: 28/29 MP: 4/4
   966 | D:2      | Reached XP level 5. HP: 15/34 MP: 5/5
  2444 | D:3      | Reached XP level 6. HP: 40/40 MP: 6/6
  2513 | D:3      | Noticed a water moccasin
  2552 | D:3      | Killed a water moccasin
  2552 | D:3      | Reached skill level 5 in Fighting
  2552 | D:3      | Reached skill level 5 in Armour
  3229 | D:4      | Reached XP level 7. HP: 44/44 MP: 7/7
  3505 | D:4      | Found Qaqol's Magic Scroll Boutique.
  3542 | D:4      | Reached skill level 1 in Long Blades
  3896 | D:5      | Entered Level 5 of the Dungeon
  3921 | D:5      | Noticed Sigmund
  4153 | D:5      | Reached skill level 2 in Long Blades
  4190 | D:4      | Bought a scroll of brand weapon for 240 gold pieces
  4575 | D:5      | You fall into a shaft and drop 2 floors!
  4731 | D:7      | Noticed a hungry ghost
  4761 | D:7      | Killed a hungry ghost
  4761 | D:7      | Reached skill level 3 in Long Blades
  4761 | D:7      | Reached XP level 8. HP: 52/52 MP: 8/8
  4763 | D:7      | Noticed a hippogriff
  4807 | D:8      | Noticed Psyche
  4816 | D:7      | Noticed Joseph
  5261 | D:5      | Found a runed translucent door.
  5262 | D:5      | Noticed Crazy Yiuf
  5306 | D:5      | Killed Crazy Yiuf
  5346 | D:5      | Killed Sigmund
  5346 | D:5      | Reached skill level 4 in Long Blades
  5757 | D:6      | Reached skill level 5 in Long Blades
  5768 | D:6      | Reached XP level 9. HP: 47/57 MP: 9/9
  6190 | D:6      | Reached skill level 6 in Long Blades
  6299 | D:6      | Identified the +6 hand crossbow of Veryol {venom, rElec
                  | Int-4 Dex+8}
  7216 | D:7      | Found a staircase to the Ecumenical Temple.
  7255 | Temple   | Entered the Ecumenical Temple
  7515 | Temple   | Became a worshipper of Warmaster Okawaru
  7595 | D:7      | Killed Psyche
  7595 | D:7      | Reached skill level 7 in Long Blades
  7751 | D:7      | Killed Joseph
  7751 | D:7      | Reached XP level 10. HP: 38/65 MP: 10/10
  8057 | D:8      | Noticed Pikel
  8090 | D:8      | Found Renybasm's Food Shoppe.
  8202 | D:8      | Reached skill level 8 in Long Blades
  8469 | D:8      | Reached * piety under Okawaru
  8575 | D:8      | Killed Pikel
  8995 | D:8      | Reached ** piety under Okawaru
  9276 | D:8      | Noticed a three-headed hydra
  9526 | D:9      | Reached skill level 9 in Long Blades
  9678 | D:9      | HP: 3/66 [orc priest/divine providence (14)]
 10042 | D:9      | Reached *** piety under Okawaru
 10042 | D:9      | Reached XP level 11. HP: 50/72 MP: 9/11
 10050 | D:9      | Reached skill level 5 in Shields
 10230 | D:9      | Found a sacrificial altar of Ru.
 10547 | D:10     | Entered Level 10 of the Dungeon
 10815 | D:10     | Identified the Volume of Dusty Enchantment
 10824 | D:10     | Found a staircase to the Lair.
 11113 | D:10     | Noticed Erolcha
 11137 | D:10     | Reached skill level 10 in Fighting
 11158 | D:10     | Killed Erolcha
 11158 | D:10     | Reached skill level 10 in Armour
 11354 | D:10     | Found Vahojaro's Distillery.
 11362 | D:10     | Reached **** piety under Okawaru
 11436 | D:10     | Reached skill level 10 in Long Blades
 12618 | D:11     | Got a bloodstained rapier
 12912 | D:11     | Found an iron altar of Okawaru.
 13003 | D:12     | Reached ***** piety under Okawaru
 13148 | D:12     | Noticed a two-headed ogre
 13155 | D:12     | Killed a two-headed ogre
 13524 | D:12     | Reached XP level 12. HP: 71/79 MP: 12/12
 13551 | D:12     | Found a frozen archway.
 13559 | IceCv    | Entered an ice cave
 13818 | IceCv    | Found a transporter.
 13838 | IceCv    | Found a transporter.
 13935 | D:12     | Reached skill level 11 in Long Blades
 14202 | D:12     | Found a staircase to the Orcish Mines.
 14378 | Lair:1   | Entered Level 1 of the Lair of Beasts
 15273 | Lair:2   | Found a staircase to the Snake Pit.
 15350 | Lair:2   | Noticed MoonlitKnight's ghost (journeyman GnSk)
 15359 | Lair:2   | Found a transporter.
 15384 | Lair:2   | Found a transporter.
 15525 | Lair:2   | Found a staircase to the Shoals.
 15883 | Lair:2   | Reached ****** piety under Okawaru
 15902 | Lair:2   | Received a gift from Okawaru
 16169 | D:4      | Bought a scroll of acquirement for 624 gold pieces
 16172 | D:4      | Got a pair of steaming gloves
 16176 | D:4      | Identified the +0 pair of gloves of Ycryonop {rN+ Dex+4
                  | Stlth+} (You acquired it on level 4 of the Dungeon)
 16458 | Lair:2   | Reached skill level 12 in Long Blades
 16904 | Snake:1  | Entered Level 1 of the Snake Pit
 16949 | Lair:3   | Reached XP level 13. HP: 85/85 MP: 13/13
 18175 | Lair:4   | Noticed Sonja
 18414 | Lair:4   | Killed Sonja
 18657 | Lair:4   | Got a brightly glowing great sword
 18658 | Lair:4   | Identified the cursed +0 great sword "Ufuisch" {elec, rPois
                  | Int+3} (You found it on level 4 of the Lair of Beasts)
 19326 | Lair:5   | Received a gift from Okawaru
 19529 | Lair:4   | Received a gift from Okawaru
 19576 | Lair:5   | Reached skill level 13 in Long Blades
 19979 | Lair:5   | Got a pair of pitted boots
 19980 | Lair:5   | Identified the +1 pair of boots of the Planets {Slay+2
                  | Stlth+} (You acquired it on level 5 of the Lair of Beasts)
 20055 | Lair:5   | Found a runed translucent door.
 20056 | Lair:5   | Found a viscous altar of Jiyva.
 20056 | Lair:5   | Found a staircase to the Slime Pits.
 20056 | Lair:5   | Noticed an acid blob
 20056 | Lair:5   | Noticed an acid blob
 20524 | Lair:5   | Received a gift from Okawaru
 20524 | Lair:5   | Reached skill level 10 in Shields
 20886 | Lair:5   | Gained mutation: Your large and strong wings let you fly
                  | indefinitely. [Gargoyle growth]
 20886 | Lair:5   | Reached XP level 14. HP: 90/92 MP: 14/14
 21517 | Lair:6   | Entered Level 6 of the Lair of Beasts
 22236 | Lair:6   | Received a gift from Okawaru
 22557 | Lair:6   | Reached skill level 14 in Long Blades
 23821 | D:13     | Received a gift from Okawaru
 23823 | D:13     | Found Lourin's Assorted Antiques.
 23991 | D:13     | Bought a scroll of enchant armour for 270 gold pieces
 24544 | D:13     | Reached XP level 15. HP: 97/99 MP: 15/15
 24588 | D:13     | Noticed Nessos
 24923 | D:13     | Killed Nessos
 25507 | D:14     | Slain by a spriggan berserker

Levels and vault maps discovered:
D:1:      kb_arrival_jail, layout_basic
D:2:      minmay_razor_zed, layout_basic, st_stairs_14, minmay_octomino_e4
D:3:      layout_loops_corners, first_ration
D:4:      layout_basic, serial_shops, shop_scrolls,
          chequers_hall_statues_corner_a
D:5:      layout_gridville, uniq_sigmund, uniq_crazy_yiuf_cottage
D:6:      corexii_shantytown, layout_loops_cross, serial_glass, glass_columns_a,
          glass_columns_a, glass_columns_a
D:7:      layout_rooms, minmay_temple_entry_overgrown, minmay_between,
          uniq_joseph
D:8:      layout_rooms, serial_shops, shop, hangedman_ranch
          [blue_anna_fruit_fields], uniq_pikel, uniq_psyche
D:9:      layout_roguey, nicolae_ru_awakened_eye
D:10:     layout_layer_cave, grunt_lair_entry_orc_guard_hut, serial_shops,
          nicolae_shop_statue_plus, uniq_erolcha
D:11:     layout_rooms, okawaru_humans
D:12:     layout_roguey, kennysheep_orc_monster_closet_entryway,
          gauntlet_entry_generic, portal_ice_cave_entry_pillars_1
D:13:     layout_loops_ring, serial_shops, shop, uniq_nessos
D:14:     layout_big_octagon, ximxim_vaults_locker_room, minivault_26,
          minmay_guarded_unrand_wrath_of_trog, uniq_kirke
Temple:   kilobyte_greek_temple
Lair:1:   layout_gridlike, minivault_27, minmay_lair_oklob_chamber
Lair:2:   layout_gridlike, minmay_shoals_entry_beasts,
          guppyfry_snake_entry_garden, gammafunk_ghost_berserking_beasts,
          chequers_serial_rivers_large_b, eino_small_chamber_without_monster,
          hangedman_lair_generics_rect, lemuel_fruit_tree
Lair:3:   layout_cave_pods, grunt_forest_large_clearing_hut,
          infiniplex_staircase_pool
Lair:4:   layout_cave_pods, minivault_11, uniq_sonja
Lair:5:   regret_index_wax_grids, layout_hall_layers, slime_altar_2,
          st_stairs_11, serial_bayou_shore_b
Lair:6:   hangedman_lair_caniforms_friends, layout_cave_pods,
          guppyfry_lair_end_dragon, chequers_serial_rivers_room_b
Snake:1:  layout_chambers, nicolae_snake_springs, uniq_aizul

Skill      XL: |  1  2  3  4  5  6  7  8  9 10 11 12 13 14 |
---------------+-------------------------------------------+-----
Armour         | 4 5 6 7 8 9 10 11 12 13 | 13.6
Fighting       | 4 5 6 7 8 9 10 11 12 13 | 13.6
Maces & Flails | 3 4 |  4.6
Long Blades    | 3 5 7 9 10 12 13 14 | 14.7
Shields        | 4 6 8 10 11 | 11.4

Action                   |  1- 3 |  4- 6 |  7- 9 | 10-12 | 13-15 || total
-------------------------+-------+-------+-------+-------+-------++-------
Melee: Flail             |    94 |   156 |    18 |       |       ||   268
       Short sword       |       |   271 |       |       |       ||   271
       Long sword        |       |       |   607 |  1135 |       ||  1742
       Double sword      |       |       |       |    50 |   933 ||   983
       War axe           |       |       |       |       |   215 ||   215
Invok: Heroism           |       |       |       |     8 |     9 ||    17
       Finesse           |       |       |       |     1 |       ||     1
 Abil: Fly               |       |       |       |       |     1 ||     1
Evoke: Wand              |       |       |     4 |     1 |       ||     5
  Use: Potion            |       |     1 |     4 |     4 |     4 ||    13
       Scroll            |       |       |    13 |    20 |    21 ||    54
 Stab: Sleeping          |       |       |       |       |    12 ||    12
       Petrified         |       |       |       |       |     6 ||     6
       Distracted        |       |       |       |       |     1 ||     1
       Petrifying        |       |       |       |       |     1 ||     1
  Eat: Ration            |       |     1 |     4 |       |       ||     5
       Chunk             |       |     5 |    25 |    32 |    29 ||    91
Armor: Scale mail        |    60 |   219 |   250 |       |       ||   529
       Plate armour      |       |       |   301 |  1057 |   498 ||  1856
       Skin              |       |       |    10 |       |       ||    10
       Acid dragon scale |       |       |       |       |   290 ||   290
Dodge: Dodged            |    41 |   122 |   196 |   323 |   410 ||  1092
Block: Shield            |    64 |   213 |   396 |   767 |   795 ||  2235
       Rpst.: Long sword |       |       |    55 |    78 |       ||   133
       Double sword      |       |       |       |     6 |    69 ||    75

Table legend:
 A = Non-vault XP
 B = Vault XP
 C = Vault XP percentage of total XP
 D = Non-vault monster count
 E = Vault monster count
 F = Vault count percentage of total count
                 A         B        C        D         E       F
            +---------+---------+-------+---------+---------+-------
      Total |   52096 |   39703 |  43.2 |     454 |     256 |  36.1
            +---------+---------+-------+---------+---------+-------
        D:1 |      51 |       0 |   0.0 |      29 |       0 |   0.0
        D:2 |     128 |      89 |  41.0 |      24 |      21 |  46.7
        D:3 |     229 |       0 |   0.0 |      28 |       0 |   0.0
        D:4 |     397 |       0 |   0.0 |      16 |       0 |   0.0
        D:5 |     464 |     277 |  37.4 |      22 |       3 |  12.0
        D:6 |    1711 |     177 |   9.4 |      40 |      43 |  51.8
        D:7 |     272 |    1083 |  79.9 |       9 |       5 |  35.7
        D:8 |    1637 |    1724 |  51.3 |      23 |       7 |  23.3
        D:9 |    2006 |       0 |   0.0 |      38 |       0 |   0.0
       D:10 |    2133 |    1565 |  42.3 |      19 |       6 |  24.0
       D:11 |    2016 |     385 |  16.0 |      20 |       2 |   9.1
       D:12 |    3852 |    1835 |  32.3 |      29 |      19 |  39.6
       D:13 |    9035 |    1344 |  12.9 |      61 |       1 |   1.6
       D:14 |    1469 |       0 |   0.0 |       3 |       0 |   0.0
     Lair:1 |    1379 |       0 |   0.0 |       6 |       0 |   0.0
     Lair:2 |    5474 |    3118 |  36.3 |      23 |      10 |  30.3
     Lair:3 |    6147 |    1038 |  14.4 |      22 |       3 |  12.0
     Lair:4 |    3117 |     820 |  20.8 |       8 |       1 |  11.1
     Lair:5 |    5702 |   10139 |  64.0 |      20 |      55 |  73.3
     Lair:6 |    4877 |   14800 |  75.2 |      14 |      73 |  83.9
      IceCv |       0 |    1309 | 100.0 |       0 |       7 | 100.0
            +---------+---------+-------+---------+---------+-------
